 Dungeon Crawl Stone Soup version 0.17.0-28-g6e173f8 (webtiles) character file.

632 gorblad the Ducker (level 7, -3/59 HPs)
             Began as a Mottled Draconian Fighter on Dec 2, 2015.
             Slain by a wyvern zombie (14 damage)
             ... on level 4 of the Dungeon.
             The game lasted 00:12:16 (4746 turns).

gorblad the Ducker (Mottled Draconian Fighter)      Turns: 4746, Time: 00:12:18

Health: -3/59      AC:  6    Str: 20    XL:     7   Next: 24%
Magic:  7/7        EV: 12    Int:  8    God:
Gold:   267        SH: 10    Dex: 11    Spells: 0 memorised, 6 levels left

rFire  . . .     SeeInvis +     a - +1 trident
rCold  . . .     Rnd*Rage +     (armour unavailable)
rNeg   . . .     SustAt   .     b - +0 shield
rPois  .         Gourm    .     (helmet restricted)
rElec  .         Spirit   .     (no cloak)
rCorr  .         Warding  .     (no gloves)
rMut   .         Stasis   .     (no boots)
MR     .....                    (no amulet)
Stlth  +.........               (no ring)
                                e - ring of see invisible

@: not resistant to hostile enchantments, very unstealthy
A: breathe sticky flame splash, unfitting armour, fangs 1, berserk 1, slow
regeneration 1, cold-blooded, AC +6
a: Breathe Sticky Flame


You were on level 4 of the Dungeon.
You were not hungry.

You visited 1 branch of the dungeon, and saw 4 of its levels.

You collected 267 gold pieces.

Inventory:

Hand Weapons
 a - a +1 trident (weapon)
Armour
 b - a +0 shield (worn)
Jewellery
 e - a ring of see invisible (left hand)
 m - an uncursed ring of protection from fire {unknown}
Wands
 h - a wand of draining (9)
 l - a wand of polymorph (13)
 p - a wand of slowing (0)
Scrolls
 c - 2 scrolls of identify
 f - a scroll of remove curse
 o - 2 scrolls of enchant armour {unknown}
Potions
 g - 3 potions of lignification
Comestibles
 d - 3 bread rations
 i - 3 beef jerkies
 k - 2 meat rations
 n - 3 fruits
 q - 4 chunks of flesh


   Skills:
 - Level 4.0 Fighting
 + Level 3.1 Polearms
 - Level 6.0 Dodging
 - Level 5.1 Shields


You had 6 spell levels left.
You didn't know any spells.

Dungeon Overview and Level Annotations

Branches:
Dungeon (4/15)
 Temple: D:4-7

Altars:
Cheibriados


Innate Abilities, Weirdness & Mutations

You can spit globs of burning liquid.
You can ignite nearby creatures when you spit burning liquid.
Your weird mottled scales are hard (AC +6).
Your body does not fit into most forms of armour.
You are cold-blooded and may be slowed by cold attacks.
You have very sharp teeth.
You tend to lose your temper in combat.
You regenerate slowly when monsters are visible.


Message History

The wyvern zombie closely misses you.
Your shield prevents you from hitting the wyvern zombie.
Your bite misses the wyvern zombie. The wyvern zombie bites you.
* * * LOW HITPOINT WARNING * * *
The wyvern zombie closely misses you. The wyvern zombie barely misses you.
You are too injured to fight recklessly!
You barely miss the wyvern zombie. You block the wyvern zombie's attack.
The wyvern zombie bites you!
* * * LOW HITPOINT WARNING * * *
Drink which item? (? for menu, Esc to quit)
You feel much better. The wyvern zombie bites you!
* * * LOW HITPOINT WARNING * * *
The wyvern zombie barely misses you.
You hit the wyvern zombie but do no damage.
You tail-slap the wyvern zombie.
You feel yourself speed up. The wyvern zombie bites you.
* * * LOW HITPOINT WARNING * * *
The wyvern zombie bites you!
You die...

###########..# #.# #............#
#.# ##########.##########.# #.#
[...##...........####.######.#
..#.........####..........#..#
#.####.###..#.#########.#.#.##
#.####....).#.#...)# #...#.#
#......###...)#....####.#.#.####.
..##.#.###....)Z@_.#....#.#......
#.#.###.##.####[...##.###.#..###.
#.##.#........#....##....>.......
#.###..#.#....##########..#..####
#.# #..#.#.##.# #.....# #.#
#......# .... ####.....# #.
#.##.#.###... .........#
.....#........ .....#..##
......##..##.## ###..#..#


You could see a wyvern zombie.

Vanquished Creatures
  An ice beast (D:4)
  An ogre (D:3)
  A quasit (D:3)
  A worker ant (D:3)
  Ijyb (D:2)
  A giant frog skeleton (D:4)
  An orc priest (D:3)
  An iguana (D:4)
  Robin (D:2)
  10 adders
  4 gnolls
  2 oozes
  7 worms
  6 giant geckos
  4 orcs
  8 giant cockroaches
  23 goblins
  12 hobgoblins
  7 jackals
  5 kobolds
  2 ball pythons (D:2)
  15 bats
  6 giant newts
  10 rats
130 creatures vanquished.

Notes
Turn   | Place    | Note
--------------------------------------------------------------
     0 | D:1      | gorblad the Draconian Fighter began the quest for the Orb.
     0 | D:1      | Reached XP level 1. HP: 19/19 MP: 1/1
   354 | D:1      | Reached XP level 2. HP: 21/27 MP: 2/2
   649 | D:1      | Reached skill level 4 in Fighting
   683 | D:1      | Reached XP level 3. HP: 19/33 MP: 3/3
  1589 | D:2      | Reached XP level 4. HP: 33/40 MP: 4/4
  1632 | D:2      | Gained mutation: You tend to lose your temper in combat. [potion of mutation]
  1632 | D:2      | Gained mutation: You regenerate slowly when monsters are visible. [potion of mutation]
  1632 | D:2      | Gained mutation: You have very sharp teeth. [potion of mutation]
  1649 | D:2      | Noticed Ijyb
  1663 | D:2      | Killed Ijyb
  1896 | D:2      | Reached XP level 5. HP: 32/46 MP: 5/5
  1944 | D:2      | Reached skill level 5 in Dodging
  2047 | D:2      | Noticed Robin
  2075 | D:2      | Killed Robin
  3065 | D:3      | Reached XP level 6. HP: 52/52 MP: 6/6
  3205 | D:3      | Reached skill level 6 in Dodging
  3803 | D:3      | Noticed an ogre
  3812 | D:3      | Killed an ogre
  4054 | D:3      | Found a faded altar to an unknown god.
  4501 | D:4      | Reached skill level 5 in Shields
  4501 | D:4      | Your scales start taking on a weird mottled colour.
  4501 | D:4      | Reached XP level 7. HP: 59/59 MP: 7/7
  4692 | D:4      | Found a snail-covered altar of Cheibriados.
  4746 | D:4      | Slain by a wyvern zombie

Action                   |  1- 3 |  4- 6 |  7- 9 || total
-------------------------+-------+-------+-------++-------
Melee: Trident           |   150 |   338 |    39 ||   527
  Use: Scroll            |     2 |     7 |       ||     9
       Potion            |       |     5 |     1 ||     6
 Stab: Sleeping          |     1 |     4 |       ||     5
  Eat: Chunk             |     2 |    11 |     1 ||    14
